[Event "ICC tourney 3043 (15 5)"]
[Site "Internet Chess Club"]
[Date "2022.10.30"]
[Round "4"]
[White "CHEN JR, DORA:DoraChen-W"]
[Black "YANG, NINA:NinaYang-W"]
[Result "1-0"]
[ICCResult "Black checkmated"]
[WhiteElo "162"]
[BlackElo "121"]
[Opening "Vienna game, Max Lange defense"]
[ECO "C25"]
[NIC "VG.04"]
[Time "15:30:39"]
[PlyCount "49"]
[TimeControl "900+5"]

1. e4 e5 2. Nc3 Nc6 3. a3 Nf6 4. Bc4 h6 5. Nf3 d6 6. h3 a6 7. d3 Na5 8. b3
Nxc4 9. bxc4 Be7 10. O-O O-O 11. Be3 Be6 12. Re1 Qe8 13. Rb1 b6 14. Qd2 Rd8
15. d4 exd4 16. Bxd4 Nd7 17. Qf4 g5 18. Nxg5 hxg5 19. Qe3 g4 20. hxg4 Bxg4
21. Qf4 Be6 22. Qh6 Bxc4 23. Re3 Ba2 24. Rg3+ Bg5 25. Rxg5# {Black
checkmated} 1-0

[Event "ICC tourney 3043 (15 5)"]
[Site "Internet Chess Club"]
[Date "2022.10.30"]
[Round "4"]
[White "ZHANG, ALINA:AlinaZhang-W"]
[Black "YEE, SAMANTHA:SamanthaYee-W"]
[Result "0-1"]
[ICCResult "White checkmated"]
[WhiteElo "269"]
[BlackElo "453"]
[Opening "Four knights: Italian variation"]
[ECO "C47"]
[NIC "KP.06"]
[Time "15:30:32"]
[PlyCount "48"]
[TimeControl "900+5"]

1. e4 e5 2. Nc3 Nc6 3. Nf3 Nf6 4. Bc4 Nxe4 5. Nxe4 d5 6. Bd3 dxe4 7. Bxe4 f6
8. O-O Bd6 9. d3 Bd7 10. Be3 f5 11. Nxe5 Bxe5 12. Bf3 f4 13. d4 Bd6 14. Bd2
Qf6 15. Bc3 Qg5 16. Re1+ Be7 17. Rc1 O-O-O 18. d5 Nb8 19. d6 Bxd6 20. Qd4
Nc6 21. Bxc6 Bxc6 22. Qa4 Bxa4 23. b3 Bc6 24. Rf1 Qxg2# {White checkmated}
0-1

[Event "ICC tourney 3043 (15 5)"]
[Site "Internet Chess Club"]
[Date "2022.10.30"]
[Round "4"]
[White "XIHAO NING, SEAN:SeanNing-W"]
[Black "HE, ELSA:ElsaHe-W"]
[Result "1-0"]
[ICCResult "Black checkmated"]
[WhiteElo "418"]
[BlackElo "103"]
[Opening "Two knights defense (Modern bishop's opening)"]
[ECO "C55"]
[NIC "IG.01"]
[Time "15:30:19"]
[PlyCount "71"]
[TimeControl "900+5"]

1. e4 e5 2. Nf3 Nc6 3. Bc4 Nf6 4. d3 Bb4+ 5. Nc3 Bxc3+ 6. bxc3 O-O 7. O-O h6
8. h3 d5 9. Bb5 a6 10. Bxc6 bxc6 11. Nxe5 a5 12. Bd2 Re8 13. d4 dxe4 14. Qc1
Ba6 15. Nxc6 Bxf1 16. Nxd8 Raxd8 17. Kxf1 a4 18. Qd1 c6 19. f3 exf3 20. Qxf3
Rc8 21. Qg3 Nh5 22. Qg4 Nf6 23. Qg3 Ne4 24. Qe3 a3 25. Re1 h5 26. c4 c5 27.
d5 Rcd8 28. Qf3 Ng5 29. Qf5 Ne6 30. Kg1 g6 31. Qf6 Ra8 32. Bh6 h4 33. Rf1
Kh7 34. Qxf7+ Kxh6 35. Rf6 Nd4 36. Qxg6# {Black checkmated} 1-0

[Event "ICC tourney 3043 (15 5)"]
[Site "Internet Chess Club"]
[Date "2022.10.30"]
[Round "4"]
[White "LIU, CLARK:ClarkLiu-W"]
[Black "HU, SHIRLEY:ShirleyHu-W"]
[Result "0-1"]
[ICCResult "White checkmated"]
[WhiteElo "222"]
[BlackElo "380"]
[Opening "Giuoco Piano"]
[ECO "C50"]
[NIC "IG.02"]
[Time "15:30:18"]
[PlyCount "42"]
[TimeControl "900+5"]

1. e4 e5 2. Nf3 Nc6 3. Bc4 Bc5 4. Ng5 d5 5. Nxf7 Kxf7 6. Bxd5+ Ke8 7. O-O
Nf6 8. Bb3 Bg4 9. Qe1 Nd4 10. Bc4 Nxc2 11. Qe3 Nxe3 12. dxe3 Nxe4 13. Bb5+
c6 14. Bd3 Qxd3 15. Re1 Be2 16. f3 Nf6 17. f4 Bb4 18. Rf1 Bxf1 19. Bd2 Bxd2
20. Nxd2 Qe2 21. h3 Qxg2# {White checkmated} 0-1

[Event "ICC tourney 3043 (15 5)"]
[Site "Internet Chess Club"]
[Date "2022.10.30"]
[Round "4"]
[White "YOUJIA CHEN, ROY:RoyChen-W"]
[Black "LI, FLORA:FloraLi-W"]
[Result "1/2-1/2"]
[ICCResult "Black stalemated"]
[WhiteElo "628"]
[BlackElo "193"]
[Opening "Four knights game"]
[ECO "C47"]
[NIC "KP.06"]
[Time "15:30:21"]
[PlyCount "93"]
[TimeControl "900+5"]

1. e4 e5 2. Nf3 Nc6 3. Nc3 Nf6 4. g3 Bc5 5. Nxe5 Nxe5 6. d4 Nf3+ 7. Qxf3
Bxd4 8. Bc4 O-O 9. Be3 Bxe3 10. fxe3 d6 11. O-O-O Be6 12. Bxe6 fxe6 13. e5
Nd5 14. Qg2 Nxe3 15. Qd2 Nxd1 16. Rxd1 dxe5 17. Qe3 Qe7 18. Qxe5 Rf5 19. Qe4
Raf8 20. Qxb7 Rf1 21. Qxa7 Qd7 22. Qa6 Rxd1+ 23. Nxd1 Rf1 24. Qxf1 e5 25.
Qc4+ Kf8 26. Qc5+ Ke8 27. Qxe5+ Kd8 28. Nc3 c6 29. Qb8+ Ke7 30. Qe5+ Kd8 31.
Qe4 g6 32. Qd3 Qxd3 33. cxd3 Ke7 34. a4 Kf6 35. Kd2 Kf5 36. Ke1 Kg4 37. Kf2
h5 38. Kg2 g5 39. a5 h4 40. gxh4 gxh4 41. a6 h3+ 42. Kg1 Kf3 43. a7 Ke3 44.
a8=Q Kxd3 45. Qxc6 Ke3 46. Qc4 Kf3 47. Nd5 {Black stalemated} 1/2-1/2

[Event "ICC tourney 3043 (15 5)"]
[Site "Internet Chess Club"]
[Date "2022.10.30"]
[Round "4"]
[White "ZIJIAN SU, OWEN:OwenSu-W"]
[Black "YATSHING LIN, JAMES:JamesLin-W"]
[Result "1-0"]
[ICCResult "Black checkmated"]
[WhiteElo "496"]
[BlackElo "849"]
[Opening "Scotch: Schmidt variation"]
[ECO "C45"]
[NIC "SO.04"]
[Time "15:30:23"]
[PlyCount "111"]
[TimeControl "900+5"]

1. e4 e5 2. Nf3 Nc6 3. d4 exd4 4. Nxd4 Nf6 5. Nc3 Bb4 6. Nxc6 Bxc3+ 7. bxc3
bxc6 8. Bd3 O-O 9. Bg5 h6 10. Bh4 Qe8 11. Bxf6 gxf6 12. O-O Qe5 13. Qd2 Kg7
14. Rfe1 Re8 15. Re3 Kh7 16. Rh3 Qg5 17. e5+ Kg7 18. Rg3 Qxg3 19. fxg3 Rxe5
20. Rf1 d6 21. Rf4 h5 22. g4 Bxg4 23. h3 Bd7 24. g4 hxg4 25. hxg4 Rg8 26.
Qh2 Re1+ 27. Kg2 Rh8 28. Qg3 Rhh1 29. Rf1 Rexf1 30. Bxf1 Rh4 31. Qxh4 Kf8
32. Qh8+ Ke7 33. Qh7 Bxg4 34. Qe4+ Be6 35. Kf2 Kd7 36. Kg3 Bd5 37. Bh3+ Be6
38. Qh7 Ke7 39. Qe4 Kd7 40. Qh7 Ke7 41. Qe4 Kd7 42. Qa4 Bxh3 43. Kxh3 f5 44.
Qxa7 f6 45. Qb7 f4 46. a4 f3 47. Kg3 f2 48. Kxf2 f5 49. a5 d5 50. a6 Kd6 51.
a7 f4 52. a8=Q Ke5 53. Qe8+ Kf5 54. Qbc8+ Kg5 55. Qg8+ Kh4 56. Qcg4#
{Black checkmated}
1-0

[Event "ICC tourney 3043 (15 5)"]
[Site "Internet Chess Club"]
[Date "2022.10.30"]
[Round "4"]
[White "ZHEN JR, ANDREW:AndrewZhen-W"]
[Black "SHANGYUAN TAO, SAM:SamTao-W"]
[Result "1-0"]
[ICCResult "Black resigns"]
[WhiteElo "827"]
[BlackElo "501"]
[Opening "French: exchange variation"]
[ECO "C01"]
[NIC "FR.01"]
[Time "15:30:17"]
[PlyCount "103"]
[TimeControl "900+5"]

1. e4 e6 2. d4 d5 3. exd5 exd5 4. Bf4 Nf6 5. Nf3 Be6 6. Bd3 c6 7. O-O Bd6 8.
Bxd6 Qxd6 9. Nc3 O-O 10. h3 Nbd7 11. Re1 Rfe8 12. a3 h6 13. Ne5 Qc7 14. Nxd7
Qxd7 15. Qf3 Nh7 16. Bxh7+ Kxh7 17. Qd3+ Kg8 18. Qg3 Bf5 19. Rxe8+ Rxe8 20.
Rc1 Bg6 21. Qf3 Qf5 22. Qxf5 Bxf5 23. Kf1 g6 24. Na4 b5 25. Nc5 h5 26. c3
Be4 27. f3 Bf5 28. Re1 Kf8 29. Rxe8+ Kxe8 30. Ke2 Ke7 31. Ke3 Kf6 32. g4
hxg4 33. hxg4 Bb1 34. f4 g5 35. f5 Kg7 36. Kd2 Kf6 37. Kc1 Be4 38. Nxe4+
dxe4 39. Kd2 Ke7 40. Ke3 Kd6 41. Kxe4 f6 42. b3 a6 43. c4 c5 44. cxb5 axb5
45. a4 bxa4 46. dxc5+ Kxc5 47. bxa4 Kb4 48. Kd5 Kxa4 49. Ke6 Kb4 50. Kxf6
Kc4 51. Ke6 Kd4 52. f6 {Black resigns} 1-0

[Event "ICC tourney 3043 (15 5)"]
[Site "Internet Chess Club"]
[Date "2022.10.30"]
[Round "4"]
[White "AMY SONG, XINWEI:AmySong-W"]
[Black "LI, BENNETT:BennettLi-W"]
[Result "0-1"]
[ICCResult "White resigns"]
[WhiteElo "398"]
[BlackElo "757"]
[Opening "Four knights: Italian variation"]
[ECO "C55"]
[NIC "IG.01"]
[Time "15:30:12"]
[PlyCount "124"]
[TimeControl "900+5"]

1. e4 e5 2. Nf3 Nc6 3. Bc4 Nf6 4. Nc3 Nxe4 5. Nxe4 d5 6. Bxd5 Qxd5 7. d3 Bf5
8. Nc3 Qd7 9. O-O Bd6 10. Be3 O-O 11. d4 exd4 12. Nxd4 Nxd4 13. Bxd4 Rad8
14. Ne2 Rfe8 15. Re1 h6 16. Ng3 Rxe1+ 17. Qxe1 Bxg3 18. hxg3 Qxd4 19. c3 Qd2
20. Qxd2 Rxd2 21. b4 Rc2 22. Re1 Kf8 23. Re3 Rxa2 24. f3 g5 25. g4 Bg6 26.
g3 b6 27. f4 c5 28. bxc5 bxc5 29. f5 Bh7 30. Kf1 h5 31. gxh5 Bxf5 32. Re5
Bh7 33. Rxg5 Rc2 34. Rxc5 Ke8 35. g4 Kd7 36. Rd5+ Kc6 37. Rg5 Bd3+ 38. Ke1
f6 39. Rg7 a5 40. h6 a4 41. h7 Rh2 42. Rf7 Kb5 43. Rxf6 Bxh7 44. Rf7 a3 45.
Ra7 a2 46. g5 Kc4 47. Ra3 a1=Q+ 48. Rxa1 Rh1+ 49. Kd2 Rxa1 50. Ke3 Kxc3 51.
Kf4 Ra4+ 52. Ke5 Ra5+ 53. Kf6 Rf5+ 54. Kg7 Rxg5+ 55. Kxh7 Kd4 56. Kh6 Rg1
57. Kh5 Ke3 58. Kh4 Kf3 59. Kh5 Kf4 60. Kh6 Kf5 61. Kh7 Kf6 62. Kh8 Kf7
{White resigns}
0-1

[Event "ICC tourney 3043 (15 5)"]
[Site "Internet Chess Club"]
[Date "2022.10.30"]
[Round "4"]
[White "TIANYU SONG, RICHARD:RichardSong-W"]
[Black "CHEN, ALEXANDER:AlexanderChen-W"]
[Result "1-0"]
[ICCResult "Black checkmated"]
[WhiteElo "264"]
[BlackElo "395"]
[Opening "Giuoco Piano: four knights variation"]
[ECO "C46"]
[NIC "KP.06"]
[Time "15:30:27"]
[PlyCount "147"]
[TimeControl "900+5"]

1. e4 e5 2. Nf3 Nc6 3. Nc3 Bc5 4. Bc4 Nf6 5. O-O O-O 6. h3 d6 7. d3 h6 8.
Qe2 Be6 9. d4 exd4 10. Bxe6 dxc3 11. Bf5 cxb2 12. Bxb2 Qe7 13. Rad1 Rad8 14.
Bd4 Bxd4 15. Nxd4 Qe5 16. Nxc6 bxc6 17. Qf3 Rfe8 18. Rfe1 Qb2 19. Qb3 Qe5
20. Qe3 Rb8 21. Rd2 Qb2 22. a3 Qb6 23. Qxb6 Rxb6 24. a4 Ra6 25. Ra1 g6 26.
Bg4 Nxe4 27. Re2 d5 28. Bf3 Rb8 29. Bxe4 dxe4 30. Rxe4 Kf8 31. Ra3 Ra5 32.
c3 Rb1+ 33. Kh2 g5 34. Rb4 Rxb4 35. cxb4 Rd5 36. Rc3 h5 37. Rxc6 Rd3 38.
Rxc7 Rb3 39. b5 a5 40. Ra7 h4 41. Rxa5 Rb1 42. Ra6 f5 43. Rg6 g4 44. Rf6+
Ke8 45. hxg4 fxg4 46. b6 Kd8 47. a5 Kc8 48. a6 g3+ 49. fxg3 hxg3+ 50. Kxg3
Rb3+ 51. Rf3 Rxb6 52. a7 Ra6 53. Rf7 Ra5 54. Rf8+ Kb7 55. a8=Q+ Rxa8 56.
Rxa8 Kxa8 57. Kh3 Kb8 58. g4 Kc8 59. Kh4 Kd8 60. g5 Ke8 61. g6 Kf8 62. Kh5
Kg7 63. Kg5 Kh8 64. Kf6 Kg8 65. g7 Kh7 66. Kf7 Kh6 67. g8=Q Kh5 68. Kf6 Kh4
69. Kf5 Kh3 70. Qg7 Kh4 71. Qg8 Kh3 72. Kf4 Kh2 73. Kf3 Kh3 74. Qg3#
{Black checkmated}
1-0

[Event "ICC tourney 3043 (15 5)"]
[Site "Internet Chess Club"]
[Date "2022.10.30"]
[Round "4"]
[White "YATYUET LIN, HANNAH:HannahLin-W"]
[Black "FU, SCOTT:ScottFu-W"]
[Result "1/2-1/2"]
[ICCResult "Game drawn by the 50 move rule"]
[WhiteElo "328"]
[BlackElo "577"]
[Opening "Queen's pawn, Mason variation"]
[ECO "D00"]
[NIC "QP.08"]
[Time "15:30:36"]
[PlyCount "196"]
[TimeControl "900+5"]

1. d4 d5 2. Bf4 Nc6 3. e3 Nf6 4. Nf3 Bg4 5. Bd3 e6 6. c4 Bb4+ 7. Nbd2 e5 8.
dxe5 Nd7 9. h3 Bh5 10. Be2 Qe7 11. O-O Ndxe5 12. Bxe5 Nxe5 13. Nxe5 Bxe2 14.
Qxe2 Qxe5 15. a3 Ba5 16. b4 Bb6 17. c5 Bxc5 18. bxc5 d4 19. Rfc1 dxe3 20.
Qxe3 Qxe3 21. fxe3 O-O-O 22. Rd1 Rhe8 23. Kf2 h5 24. g4 hxg4 25. hxg4 Re6
26. Nc4 Rxd1 27. Rxd1 Rf6+ 28. Kg3 c6 29. e4 b5 30. Na5 Re6 31. Rd6 Rxe4 32.
Rxc6+ Kd7 33. Ra6 Ra4 34. Rxa7+ Kc8 35. Rxf7 Rxa5 36. Rxg7 Rxa3+ 37. Kf4
Ra4+ 38. Ke3 Rc4 39. Rg8+ Kd7 40. Kd3 Rxc5 41. g5 b4 42. Rf8 b3 43. Rf2 Rxg5
44. Rb2 Rb5 45. Kc3 Kd6 46. Rxb3 Rc5+ 47. Kb2 Rd5 48. Rc3 Rb5+ 49. Kc2 Rh5
50. Rd3+ Kc6 51. Kb3 Rb5+ 52. Ka4 Rb8 53. Rb3 Ra8+ 54. Kb4 Rb8+ 55. Kc3 Rc8
56. Kd4 Rd8+ 57. Kc3 Rc8 58. Kd4 Kd7 59. Rc3 Rh8 60. Ke5 Re8+ 61. Kd5 Rh8
62. Ra3 Rh5+ 63. Kd4 Kd6 64. Rf3 Rh4+ 65. Ke3 Ra4 66. Rf4 Ra3+ 67. Ke4 Ra4+
68. Kf3 Ra3+ 69. Ke4 Ra4+ 70. Kf3 Ra1 71. Rd4+ Ke5 72. Rb4 Rg1 73. Ke3 Re1+
74. Kf3 Rf1+ 75. Ke3 Rc1 76. Rb5+ Kd6 77. Kd4 Rd1+ 78. Kc4 Rc1+ 79. Kd4 Rd1+
80. Ke4 Re1+ 81. Kd4 Rd1+ 82. Kc4 Rh1 83. Kd4 Rh4+ 84. Kd3 Rh3+ 85. Kd4 Rh4+
86. Kd3 Kc6 87. Rb3 Rh3+ 88. Kc2 Rh2+ 89. Kc3 Rh3+ 90. Kc2 Rh2+ 91. Kc3 Rh1
92. Kc4 Rc1+ 93. Kb4 Rc5 94. Ka4 Rc4+ 95. Ka3 Kc5 96. Ka2 Ra4+ 97. Kb2 Kc4
98. Rc3+ Kb5 {Game drawn by the 50 move rule} 1/2-1/2

[Event "ICC tourney 3043 (15 5)"]
[Site "Internet Chess Club"]
[Date "2022.10.30"]
[Round "4"]
[White "XIANGBO GU, ANDREW:AndrewGu-WING"]
[Black "ZHIJIA HUANG, ALAN:AlanHuang-W"]
[Result "1-0"]
[ICCResult "Black checkmated"]
[WhiteElo "851"]
[BlackElo "591"]
[Opening "Giuoco Piano"]
[ECO "C50"]
[NIC "IG.02"]
[Time "15:30:34"]
[PlyCount "143"]
[TimeControl "900+5"]

1. e4 e5 2. Nf3 Nc6 3. Bc4 Bc5 4. O-O h6 5. c3 Nf6 6. d4 Bd6 7. Re1 O-O 8.
b4 exd4 9. cxd4 Bxb4 10. Bd2 Bxd2 11. Qxd2 d5 12. Bxd5 Nxd5 13. exd5 Qxd5
14. Nc3 Qd7 15. d5 Ne7 16. Ne5 Qf5 17. Nc4 c6 18. Rxe7 cxd5 19. Re5 Qg4 20.
Qxd5 Be6 21. Re4 Bxd5 22. Rxg4 Bxc4 23. Rxc4 Rfc8 24. Rxc8+ Rxc8 25. Rc1 b5
26. Ne2 Re8 27. Nd4 Re4 28. Nxb5 Re2 29. Nc3 Re7 30. Kf1 Rc7 31. Ne2 Rxc1+
32. Nxc1 Kf8 33. Ke2 Ke7 34. Kd3 Kd7 35. Kd4 f5 36. Nd3 g5 37. Ne5+ Kc7 38.
Kd5 h5 39. Ke6 f4 40. Kf5 a5 41. Kxg5 Kb6 42. Nc4+ Kb5 43. Nxa5 Kxa5 44.
Kxf4 Ka4 45. Kg5 Ka3 46. Kxh5 Kxa2 47. g4 Kb3 48. g5 Kc4 49. g6 Kd5 50. g7
Ke6 51. g8=Q+ Kf6 52. Qg6+ Ke5 53. f4+ Kxf4 54. h4 Kf3 55. Qg5 Ke4 56. Qf6
Ke3 57. Qf5 Ke2 58. Qf4 Ke1 59. Qf3 Kd2 60. Qe4 Kc3 61. Qd5 Kb4 62. Qc6 Ka5
63. Qb7 Ka4 64. Qb6 Ka3 65. Qb5 Ka2 66. Qb4 Ka1 67. Kg4 Ka2 68. Kf3 Ka1 69.
Ke2 Ka2 70. Kd2 Ka1 71. Kc2 Ka2 72. Qb2# {Black checkmated} 1-0

[Event "ICC tourney 3043 (15 5)"]
[Site "Internet Chess Club"]
[Date "2022.10.30"]
[Round "4"]
[White "GENG, EVAN:EvanGeng-W"]
[Black "GUO LI, EDWARD:EdwardLi-W"]
[Result "1-0"]
[ICCResult "Black checkmated"]
[WhiteElo "100"]
[BlackElo "688"]
[Opening "Scotch game"]
[ECO "C45"]
[NIC "SO.05"]
[Time "15:30:26"]
[PlyCount "169"]
[TimeControl "900+5"]

1. e4 e5 2. Nf3 Nc6 3. d4 exd4 4. Nxd4 Bc5 5. Be3 Bb6 6. Nc3 Qf6 7. Nxc6
Qxc6 8. Bd4 Nf6 9. Bxb6 Qxb6 10. b3 d6 11. Bb5+ c6 12. Bd3 Be6 13. O-O Qc5
14. Na4 Qg5 15. g3 Bh3 16. Re1 O-O-O 17. Rc1 h5 18. f4 Qg6 19. e5 dxe5 20.
Bxg6 Rxd1 21. Rexd1 fxg6 22. fxe5 Nd7 23. Re1 Re8 24. Rcd1 Rxe5 25. Rxe5
Nxe5 26. Kf2 Ng4+ 27. Kf3 Nxh2+ 28. Kf4 b5 29. Rh1 bxa4 30. Rxh2 Bf5 31.
bxa4 Kd7 32. Ke5 Ke7 33. c4 Be6 34. c5 Kd7 35. a3 Bb3 36. Rd2+ Ke7 37. a5
Bd5 38. Rb2 Kd8 39. Rb7 a6 40. Rxg7 Ke8 41. Rxg6 Bf3 42. Rg8+ Kf7 43. Ra8
Be2 44. Ra7+ Kg6 45. Kf4 Bb5 46. Ra8 Bf1 47. Rc8 Bb5 48. Rg8+ Kf6 49. Rg5
Be2 50. Rf5+ Kg6 51. Ke5 Bb5 52. Kf4 Ba4 53. Rf8 Bb5 54. Ra8 Kf6 55. a4 Bxa4
56. Rxa6 Bb5 57. Ra7 Kg6 58. Rd7 Kf6 59. Rh7 Kg6 60. Ra7 Kf6 61. a6 Ke6 62.
Ra8 Bxa6 63. Rxa6 Kd5 64. Kg5 Kxc5 65. Kxh5 Kb5 66. Rxc6 Kxc6 67. g4 Kd7 68.
g5 Ke8 69. Kh6 Kf8 70. g6 Kg8 71. g7 Kf7 72. Kh7 Kf6 73. g8=Q Kf5 74. Qg6+
Kf4 75. Qf6+ Kg4 76. Kh6 Kg3 77. Qf5 Kh4 78. Qg5+ Kh3 79. Kh5 Kh2 80. Qg4
Kh1 81. Kh4 Kh2 82. Kg5 Kh1 83. Kf4 Kh2 84. Kf3 Kh1 85. Qg2# {Black
checkmated} 1-0

[Event "ICC tourney 3043 (15 5)"]
[Site "Internet Chess Club"]
[Date "2022.10.30"]
[Round "4"]
[White "WU, MARCUS:MarcusWu-W"]
[Black "HU, DEREK:DerekHu-W"]
[Result "1-0"]
[ICCResult "Black checkmated"]
[WhiteElo "510"]
[BlackElo "768"]
[Opening "Giuoco Piano"]
[ECO "C50"]
[NIC "IG.02"]
[Time "15:30:22"]
[PlyCount "83"]
[TimeControl "900+5"]

1. e4 e5 2. Nf3 Nc6 3. Bc4 Bc5 4. Nc3 d6 5. h3 Nf6 6. d3 h6 7. Na4 O-O 8.
Nxc5 dxc5 9. a3 Be6 10. Bxe6 fxe6 11. Be3 Nd4 12. O-O Qe7 13. Bxd4 exd4 14.
Nh4 Nxe4 15. Ng6 Qf6 16. Nxf8 Ng5 17. Nd7 Qf5 18. b4 cxb4 19. axb4 b6 20.
Re1 Rd8 21. h4 Nh3+ 22. gxh3 Qxh3 23. Rxa7 Rxd7 24. Qh5 Rf7 25. Ra8+ Rf8 26.
Rxf8+ Kxf8 27. Qe2 Ke7 28. Qe5 Qg4+ 29. Kf1 Qh3+ 30. Ke2 Qg4+ 31. Kd2 Kd7
32. Re4 Qh3 33. Rxd4+ Ke7 34. Qxg7+ Ke8 35. Qd7+ Kf8 36. Rf4+ Qf5 37. Rxf5+
exf5 38. Ke3 h5 39. Kf4 c5 40. Kxf5 cxb4 41. Kf6 b3 42. Qf7# {Black
checkmated} 1-0

[Event "ICC tourney 3043 (15 5)"]
[Site "Internet Chess Club"]
[Date "2022.10.30"]
[Round "4"]
[White "XU, AMY:AmyXu-W"]
[Black "HUANG,JAYDEN:JaydenHuang-W"]
[Result "0-1"]
[ICCResult "White checkmated"]
[WhiteElo "393"]
[BlackElo "686"]
[Opening "Old Indian: Janowski variation"]
[ECO "A53"]
[NIC "OI.04"]
[Time "15:30:25"]
[PlyCount "104"]
[TimeControl "900+5"]

1. d4 Nf6 2. c4 d6 3. Nc3 Bf5 4. Bg5 Nbd7 5. e3 e5 6. d5 c6 7. e4 Bg6 8. Nf3
Qb6 9. Qb3 Qxb3 10. axb3 cxd5 11. cxd5 Nxe4 12. Nxe4 Bxe4 13. Be2 Bxd5 14.
b4 h6 15. Bh4 Be7 16. Bxe7 Kxe7 17. O-O Rhe8 18. Rac1 Kf8 19. Rc7 Bc6 20. b5
Bxf3 21. Bxf3 e4 22. Be2 Nc5 23. b4 Nd3 24. Bxd3 exd3 25. Rd1 d2 26. h3 Re1+
27. Kh2 Rxd1 28. Rd7 Rh1+ 29. Kxh1 d1=Q+ 30. Kh2 Qd4 31. f3 Qxb4 32. Rxb7
Rc8 33. Rxa7 Qxb5 34. Ra1 Qe5+ 35. Kg1 Qxa1+ 36. Kh2 Qe5+ 37. Kg1 Rc1+ 38.
Kf2 d5 39. h4 Rc2+ 40. Kg1 Rxg2+ 41. Kxg2 d4 42. Kh3 d3 43. f4 d2 44. fxe5
d1=Q 45. Kg3 Qf1 46. e6 fxe6 47. Kg4 Kf7 48. h5 Qf2 49. Kh3 Qg1 50. Kh4 Kf6
51. Kh3 Kf5 52. Kh4 Qg4# {White checkmated} 0-1

[Event "ICC tourney 3043 (15 5)"]
[Site "Internet Chess Club"]
[Date "2022.10.30"]
[Round "4"]
[White "YU, PHOENIX:PhoenixYu-W"]
[Black "LIANG, MINGYOU:MingyouLiang-W"]
[Result "1-0"]
[ICCResult "Black checkmated"]
[WhiteElo "648"]
[BlackElo "283"]
[Opening "Giuoco Piano"]
[ECO "C50"]
[NIC "IG.02"]
[Time "15:30:25"]
[PlyCount "115"]
[TimeControl "900+5"]

1. e4 e5 2. Nf3 Nc6 3. Bc4 Bc5 4. h3 Nf6 5. O-O O-O 6. Nc3 d6 7. d3 Be6 8.
Bb3 h6 9. Be3 Bxe3 10. fxe3 Re8 11. Bxe6 fxe6 12. d4 exd4 13. exd4 Rf8 14.
d5 exd5 15. exd5 Nb4 16. a3 Na6 17. Re1 Nc5 18. b4 Na6 19. Qd4 c5 20. Qf4
Nxd5 21. Qc4 Nc7 22. Nxd5 Nxd5 23. Qxd5+ Kh8 24. Qxb7 cxb4 25. axb4 Qb6+ 26.
Qxb6 axb6 27. Nd4 Rac8 28. Rac1 Rc4 29. c3 d5 30. b5 g5 31. Kh2 Kg7 32. Re5
Rd8 33. Kg3 Kg6 34. Kg4 h5+ 35. Kg3 Kf6 36. Re6+ Kf7 37. Rxb6 Re8 38. Rd6
Re3+ 39. Kf2 Re8 40. Rxd5 Ke7 41. Rxg5 Rf8+ 42. Ke3 h4 43. Kd3 Rc7 44. c4
Rd7 45. c5 Rf2 46. b6 Rxg2 47. Rxg2 Kd8 48. c6 Rf7 49. b7 Kc7 50. Rb1 Rf8
51. Rg7+ Kd6 52. b8=Q+ Rxb8 53. Rxb8 Kc5 54. c7 Kd5 55. c8=Q Ke5 56. Rg4 Kd6
57. Qc6+ Ke5 58. Rb5# {Black checkmated} 1-0

[Event "ICC tourney 3043 (15 5)"]
[Site "Internet Chess Club"]
[Date "2022.10.30"]
[Round "4"]
[White "RUIYI SONG, EMILY:EmilySong-W"]
[Black "PENG YU, BILL:BillYu-W"]
[Result "1-0"]
[ICCResult "Black resigns"]
[WhiteElo "743"]
[BlackElo "488"]
[Opening "Giuoco Pianissimo"]
[ECO "C50"]
[NIC "IG.02"]
[Time "15:30:26"]
[PlyCount "107"]
[TimeControl "900+5"]

1. e4 e5 2. Nf3 Nc6 3. Bc4 Bc5 4. d3 h6 5. O-O Nf6 6. Nc3 d6 7. h3 Be6 8.
Bxe6 fxe6 9. Na4 Bb6 10. Nxb6 axb6 11. c4 O-O 12. Be3 d5 13. cxd5 exd5 14.
exd5 Nxd5 15. b3 Nxe3 16. fxe3 Nb4 17. Nxe5 Rxa2 18. Rxf8+ Qxf8 19. Rxa2
Nxa2 20. Qc2 Nb4 21. Qxc7 Qf5 22. Qc4+ Kh7 23. Qxb4 Qxe5 24. Qxb6 Qa1+ 25.
Kf2 Qd1 26. d4 h5 27. Qxb7 Kh6 28. Qc6+ g6 29. b4 Qd2+ 30. Kf3 Kg5 31. b5 h4
32. Qd5+ Kf6 33. Qe5+ Kf7 34. Qf4+ Ke6 35. Qxh4 Kd5 36. Qg5+ Kc4 37. b6 Qd1+
38. Ke4 Qd3+ 39. Ke5 Kb5 40. b7 Ka4 41. b8=Q Qc3 42. Qa8+ Kb3 43. Qb7+ Kc2
44. Qxg6+ Kd2 45. g4 Qxe3+ 46. Qbe4 Qg3+ 47. Qf4+ Qxf4+ 48. Kxf4 Kc3 49. d5
Kc4 50. d6 Kc5 51. d7 Kc4 52. d8=Q Kc3 53. Qc6+ Kb2 54. Qb8+ {Black resigns}
1-0

[Event "ICC tourney 3043 (15 5)"]
[Site "Internet Chess Club"]
[Date "2022.10.30"]
[Round "4"]
[White "GONG, JONATHAN:JonathanGong-W"]
[Black "SHOU, ADRIAN:AdrianShou-W"]
[Result "0-1"]
[ICCResult "White checkmated"]
[WhiteElo "861"]
[BlackElo "641"]
[Opening "Scotch opening"]
[ECO "C44"]
[NIC "KP.10"]
[Time "15:30:14"]
[PlyCount "120"]
[TimeControl "900+5"]

1. e4 e5 2. Nf3 Nc6 3. d4 Qe7 4. dxe5 Nxe5 5. Bb5 Nf6 6. O-O a6 7. Ba4 Nc6
8. e5 Nxe5 9. Nxe5 Qxe5 10. Re1 Ne4 11. f3 Be7 12. Rxe4 Qc5+ 13. Qd4 Qxd4+
14. Rxd4 O-O 15. Bxd7 Rd8 16. Bf4 Rxd7 17. Rxd7 Bxd7 18. Nc3 c6 19. Rd1 Bf5
20. Ne4 h6 21. g4 Be6 22. Kf2 Rd8 23. Rxd8+ Bxd8 24. Nc5 Bb6 25. Be3 Bxa2
26. Nxb7 Bc7 27. Ke2 Bxh2 28. b3 Bb1 29. Kd2 Be5 30. Kc1 Ba2 31. Bd2 g5 32.
Nc5 Kg7 33. c3 Bd6 34. Nb7 Ba3+ 35. Kc2 c5 36. c4 Kg6 37. Nd6 h5 38. Ne4 h4
39. Be1 f5 40. gxf5+ Kxf5 41. Nc3 Bb4 42. Bf2 Bxc3 43. Kxc3 Bb1 44. Bxc5 Kf4
45. Bd6+ Kxf3 46. c5 h3 47. c6 Bf5 48. Kb4 g4 49. Ka5 g3 50. Kxa6 h2 51. b4
h1=Q 52. b5 Qa1+ 53. Kb6 Qd4+ 54. Kc7 Qa7+ 55. Kd8 Qa8+ 56. Kc7 Qc8+ 57. Kb6
g2 58. Ka7 g1=Q+ 59. b6 Qa1+ 60. Ba3 Qxa3# {White checkmated} 0-1

[Event "ICC tourney 3043 (15 5)"]
[Site "Internet Chess Club"]
[Date "2022.10.30"]
[Round "4"]
[White "WANG, OLIVER:OliverWang-W"]
[Black "PE, KYLE:KylePE-W"]
[Result "1/2-1/2"]
[ICCResult "Game drawn by repetition"]
[WhiteElo "876"]
[BlackElo "620"]
[Opening "Giuoco Piano"]
[ECO "C50"]
[NIC "IG.02"]
[Time "15:30:34"]
[PlyCount "176"]
[TimeControl "900+5"]

1. e4 e5 2. Nf3 Nc6 3. Bc4 Bc5 4. O-O d6 5. Nc3 Bg4 6. h3 Bh5 7. Be2 Nf6 8.
d3 h6 9. Be3 Bb6 10. Nd5 Nxd5 11. exd5 Nd4 12. Nxd4 Bxe2 13. Nxe2 Qf6 14.
Bxb6 axb6 15. d4 O-O 16. dxe5 Qxe5 17. Nc3 c6 18. dxc6 bxc6 19. Re1 Qf6 20.
Qd2 d5 21. b3 Rfd8 22. Ne2 Re8 23. Ng3 Red8 24. Ne2 Re8 25. Qc3 Qd6 26. Nd4
c5 27. Rxe8+ Rxe8 28. Nf3 d4 29. Qd3 Re6 30. Re1 Rxe1+ 31. Nxe1 Qc6 32. c3
dxc3 33. Qxc3 Qe6 34. Qe3 Qc6 35. Nd3 Qa8 36. Nf4 Qxa2 37. Qe8+ Kh7 38. Qxf7
Qb2 39. Qf5+ Kg8 40. Qe6+ Kh7 41. Nd5 Kh8 42. Ne7 Qc1+ 43. Kh2 Qf4+ 44. Kh1
Qc1+ 45. Kh2 Qf4+ 46. g3 Qxf2+ 47. Kh1 Qf1+ 48. Kh2 Qf2+ 49. Kh1 Qf1+ 50.
Kh2 Qf2+ 51. Kh1 Qf1+ 52. Kh2 Qf2+ 53. Kh1 Qf1+ 54. Kh2 Qf2+ 55. Kh1 Qf1+
56. Kh2 Qf2+ 57. Kh1 Qf1+ 58. Kh2 Qf2+ 59. Kh1 Qf1+ 60. Kh2 Qf2+ 61. Kh1
Qf1+ 62. Kh2 Qf2+ 63. Kh1 Qf1+ 64. Kh2 Qf2+ 65. Kh1 Qf1+ 66. Kh2 Qf2+ 67.
Kh1 Qf1+ 68. Kh2 Qf2+ 69. Kh1 Qf1+ 70. Kh2 Qf2+ 71. Kh1 Qf1+ 72. Kh2 Qf2+
73. Kh1 Qf1+ 74. Kh2 Qf2+ 75. Kh1 Qf1+ 76. Kh2 Qf2+ 77. Kh1 Qf1+ 78. Kh2
Qf2+ 79. Kh1 Qf1+ 80. Kh2 Qf2+ 81. Kh1 Qf1+ 82. Kh2 Qf2+ 83. Kh1 Qf1+ 84.
Kh2 Qf2+ 85. Kh1 Qf1+ 86. Kh2 Qf2+ 87. Kh1 Qf1+ 88. Kh2 Qf2+
{Game drawn by repetition}
1/2-1/2